 Dungeon Crawl Stone Soup version 0.18.1-8-gdd0e5ea (webtiles) character file.

75 Rhoefr the Gusty (level 4, 24/24 HPs)
             Began as a Tengu Air Elementalist on June 11, 2016.
             Quit the game on level 2 of the Dungeon.
             The game lasted 00:15:58 (1560 turns).

Rhoefr the Gusty (Tengu Air Elementalist)           Turns: 1560, Time: 00:15:58

Health: 24/24      AC:  3    Str:  8    XL:     4   Next: 31%
Magic:  8/8        EV: 12    Int: 17    God:
Gold:   63         SH:  0    Dex: 14    Spells: 1 memorised, 6 levels left

rFire  . . .     SeeInvis .     f - +0 dagger (venom)
rCold  . . .     Gourm    .     j - +1 robe {MR+}
rNeg   . . .     Faith    .     (no shield)
rPois  .         Spirit   .     (helmet restricted)
rElec  .         Dismiss  .     (no cloak)
rCorr  .         Reflect  .     (no gloves)
SustAt .         Harm     .     (boots unavailable)
MR     +....                    g - amulet of magic regeneration
Stlth  ++........               (no ring)
                                (no ring)

@: somewhat resistant to hostile enchantments, unstealthy
A: beak, talons 3
a: no special abilities


You were on level 2 of the Dungeon.
You were not hungry.

You visited 1 branch of the dungeon, and saw 2 of its levels.

You collected 63 gold pieces.

Inventory:

Hand Weapons
 e - a +0 whip
 f - a +0 dagger of venom (weapon)
 k - a +0 mace
Armour
 a - a +0 robe
 d - a +0 leather armour
 j - a +1 robe of magic resistance (worn)
Jewellery
 g - an amulet of magic regeneration (around neck)
Scrolls
 h - a scroll of teleportation {unknown}
 i - 2 scrolls of identify {unknown}
Books
 b - a book of Air

   Spells                             Type                      Level
   a - Shock                          Conjuration/Air              1
   b - Swiftness                      Charms/Air                   2
   c - Repel Missiles                 Charms/Air                   2
   d - Static Discharge               Conjuration/Air              3
   e - Lightning Bolt                 Conjuration/Air              5
Comestibles
 c - 2 bread rations


   Skills:
 - Level 2.1 Dodging
 - Level 2.0 Stealth
 + Level 2.3 Spellcasting
 + Level 2.8 Conjurations
 * Level 5.7 Air Magic


You had 6 spell levels left.
You knew the following spells:

 Your Spells              Type           Power        Failure   Level  Hunger
a - Shock                 Conj/Air       ###.         3%          1    #......


Dungeon Overview and Level Annotations

Branches:
Dungeon (2/15)

Altars:
Cheibriados
Elyvilon
Pakellas
Qazlal


Innate Abilities, Weirdness & Mutations

You have a beak for a mouth.
You have claws for feet.


Message History

You start resting.
You flicker for a moment.
You start resting.
You flicker back into view.
You start resting.
Your magical contamination has completely faded away.
There is a snail-covered altar of Cheibriados here.
Found a white marble altar of Elyvilon.
You see here a hunting sling.
Found a stormy altar of Qazlal.
Found an oddly glowing altar of Pakellas.
There is a stormy altar of Qazlal here.
There is a white marble altar of Elyvilon here.
There is a fountain of clear blue water here.
There is an oddly glowing altar of Pakellas here.
You kneel at the altar of Pakellas.
Unknown command.
Quiver which item? (- for none, * to show all) (? for menu, Esc to quit)
Okay, then.
Are you sure you want to abandon this character and quit the game? (Confirm with "yes".)

## .# ##### ### .#
##⌠#.###_####
.######8.#)#.#.#._#
..................#
.####.............#
.## #..8.#.#.#.#.⌠#
).# ####_#.#####@##
#.# ##### ### #.#
#.# #.# #.# #.# #.#
..#


There were no monsters in sight!

Vanquished Creatures
  Jessica (D:2)
  An adder (D:2)
  A worm (D:2)
  3 dart slugs
  2 hobgoblins (D:1)
  6 jackals (D:1)
  4 kobolds
  8 bats (D:1)
  A giant newt (D:1)
  2 goblins (D:1)
  5 rats
34 creatures vanquished.

Notes
Turn   | Place    | Note
--------------------------------------------------------------
     0 | D:1      | Rhoefr the Tengu Air Elementalist began the quest for the Orb.
     0 | D:1      | Reached XP level 1. HP: 10/10 MP: 4/4
   278 | D:1      | Reached XP level 2. HP: 15/15 MP: 1/6
   917 | D:1      | Reached skill level 5 in Air Magic
   917 | D:1      | Reached XP level 3. HP: 19/19 MP: 3/7
  1429 | D:2      | Found a snail-covered altar of Cheibriados.
  1432 | D:2      | Noticed Jessica
  1450 | D:2      | Killed Jessica
  1450 | D:2      | Reached XP level 4. HP: 13/24 MP: 3/8
  1543 | D:2      | Found a white marble altar of Elyvilon.
  1548 | D:2      | Found a stormy altar of Qazlal.
  1549 | D:2      | Found an oddly glowing altar of Pakellas.
  1560 | D:2      | Quit the game

Skill      XL: |  1  2 |
---------------+-------+-----
Conjurations   | 2 |  2.8
Air Magic      | 5 |  5.7
Dodging        | |  2.1
Stealth        | |  2.0
Spellcasting   | |  2.3

Action                   |  1- 3 |  4- 6 || total
-------------------------+-------+-------++-------
Melee: Whip              |    10 |       ||    10
       Kick              |     3 |       ||     3
       Mace              |    19 |       ||    19
       Peck              |     4 |       ||     4
 Cast: Shock             |    53 |     1 ||    54
  Use: Potion            |       |     3 ||     3
 Stab: Sleeping          |     1 |       ||     1
  Eat: Meat ration       |     1 |       ||     1
       Chunk             |     1 |       ||     1
Armor: Leather armour    |     7 |       ||     7
Dodge: Dodged            |    29 |       ||    29
